Map: 2000 Atmospheres LE

Players

Clem

  • Race: Terran Terran

Scarlett - Winner!

  • Race: Zerg Zerg

Event: IEM Katowice 2022

VOD

Have the link to the VOD?

Description

Time

  • Played on: Feb. 25, 2022, 1:31 p.m.
  • Length: 13:44

All games in this series

Show
View Real Time Build Order
Export as new Build Order

Clem Terran 

Build Orders: Reaper Expand 

Get SALT Encoding   

  12  0:00  SCV  
  13  0:12  SCV  
  14  0:17  Supply Depot  
  14  0:24  SCV  
  15  0:38  SCV  
  15  0:41  Barracks  
  15  0:42  Refinery  
  16  0:50  SCV  
  17  1:03  SCV  
  18  1:15  SCV  
  19  1:28  Reaper, Orbital Command  
  20  1:39  Command Center  
  20  1:46  Supply Depot  
  20  1:54  SCV  
  21  2:00  Marine  
  22  2:06  Factory  
  22  2:12  Bunker  
  22  2:16  SCV  
  22  2:17  Bunker  
  22  2:18  Marine  
  24  2:27  Supply Depot  
  24  2:28  SCV  
  25  2:36  Marine  
  26  2:40  SCV  
  27  2:46  Command Center  
  27  2:49  Factory Tech Lab  
  27  2:53  Marine  
  29  3:06  Barracks  
  29  3:08  Cyclone  
  29  3:11  Marine  
  33  3:12  SCV  
  33  3:19  Supply Depot  
  33  3:25  SCV  
  34  3:29  Marine  
  35  3:39  SCV  
  35  3:40  Siege Tank  
  38  3:49  Marine  
  39  3:57  Supply Depot  
  39  3:58  SCV  
  39  4:01  Orbital Command  
  40  4:09  Marine  
  41  4:10  SCV  
  42  4:20  Siege Tank  
  42  4:23  Marine  
  46  4:28  Marine  
  47  4:33  Barracks  
  47  4:35  SCV  
  47  4:38  SCV  
  49  4:41  Supply Depot  
  49  4:44  Marine  
  50  4:48  Marine  
  51  4:58  SCV  
  51  5:02  Marine  
  51  5:06  Siege Tank  
  55  5:08  Marine  
  55  5:10  SCV  
  57  5:16  Supply Depot, Refinery  
  57  5:20  Marine  
  58  5:22  SCV  
  58  5:25  Marine  
  58  5:26  Marine  
  61  5:34  SCV  
  62  5:37  Supply Depot  
  62  5:46  SCV  
  63  5:51  Marine  
  63  5:54  Stimpack, Marine x2  
  66  5:58  SCV  
  66  6:03  Supply Depot, Orbital Command  
  67  6:06  Starport  
  67  6:09  Marine  
  67  6:10  SCV  
  69  6:12  Marine x2  
  69  6:14  Factory Reactor  
  69  6:21  Supply Depot  
  69  6:22  SCV  
  70  6:27  Marine  
  70  6:29  SCV  
  70  6:30  Marine  
  73  6:33  Supply Depot, Marine  
  73  6:34  SCV  
  75  6:41  SCV  
  75  6:47  SCV  
  78  6:48  Engineering Bay  
  78  6:53  SCV  
  79  6:54  Barracks Reactor  
  79  6:57  Barracks Reactor, Medivac  
  79  6:59  SCV, Factory Tech Lab  
  81  7:03  Marine  
  81  7:05  SCV  
  81  7:06  Refinery  
  82  7:11  SCV, Medivac  
  82  7:13  Supply Depot  
  85  7:17  SCV  
  85  7:19  Refinery  
  85  7:21  Marine  
  87  7:23  SCV  
  88  7:30  SCV  
  88  7:35  SCV, Siege Tank  
  92  7:37  Command Center  
  92  7:39  Supply Depot  
  92  7:40  Marine x2  
  92  7:41  Marine  
  94  7:46  SCV  
  94  7:47  SCV  
  94  7:50  Marine  
  96  7:52  Medivac  
  96  7:54  Marine  
  96  7:57  Medivac  
  100  8:02  Barracks  
  100  8:05  Barracks, SCV  
  100  8:06  SCV  
  100  8:09  Terran Infantry Weapons Level 1  
  102  8:14  Marine x2  
  102  8:16  Supply Depot  
  104  8:20  Siege Tank  
  104  8:22  Marine  
  104  8:24  Marine x2  
  110  8:27  SCV  
  110  8:32  SCV  
  112  8:35  Medivac  
  112  8:38  Marine x2  
  112  8:39  SCV  
  117  8:44  Supply Depot  
  117  8:45  Marine x2  
  117  8:47  Combat Shield  
  118  8:51  SCV, Marauder  
  122  8:56  Barracks Tech Lab  
  122  8:57  Barracks Tech Lab  
  122  8:58  Marine x2  
  122  8:59  SCV  
  124  9:03  Siege Tank  
  124  9:05  Barracks Reactor  
  124  9:06  Barracks Reactor, Marine  
  124  9:07  Marine  
  124  9:08  SCV  
  130  9:12  Orbital Command  
  130  9:13  Marine  
  131  9:20  SCV  
  131  9:21  Bunker  
  131  9:22  Supply Depot, SCV  
  133  9:24  Marine x2  
  135  9:32  SCV, Marine x2  
  135  9:34  SCV  
  135  9:35  Siege Tank  
  135  9:36  Medivac  
  135  9:37  Marauder  
  146  9:41  Medivac  
  146  9:42  SCV, Refinery  
  149  9:46  Supply Depot  
  149  9:47  Marine x3  
  152  9:56  Refinery, Factory  
  152  9:57  Barracks Tech Lab  
  150  10:05  Command Center  
  149  10:11  Siege Tank  
  149  10:12  Marine x2  
  153  10:15  Marauder  
  153  10:17  Marine  
  153  10:19  Marauder  
  158  10:22  Medivac x2  
  158  10:23  Supply Depot  
  158  10:26  Supply Depot, SCV  
  158  10:27  SCV  
  162  10:31  SCV  
  155  10:43  Siege Tank  
  155  10:45  Factory Tech Lab  
  155  10:46  Marine, Marauder  
  155  10:47  Barracks, Ghost Academy  
  160  10:50  Marauder  
  160  10:51  Marine  
  160  10:52  Marine x2  
  160  10:56  Viking  
  167  10:58  SCV x2  
  169  11:04  Siege Tank  
  169  11:05  Viking  
  169  11:10  Supply Depot, SCV  
  173  11:17  Sensor Tower  
  172  11:18  Marine  
  172  11:19  Marine x3  
  172  11:23  Marauder  
  172  11:28  Marine  
  172  11:30  SCV, Siege Tank  
  177  11:35  SCV, Refinery  
  177  11:36  Refinery  
  177  11:37  Barracks Tech Lab  
  177  11:38  Marauder  
  175  11:47  Ghost  
  167  11:54  Marine  
  167  11:59  Ghost, Siege Tank  
  167  12:00  SCV x2  
  167  12:01  SCV  
  137  12:02  SCV  
  131  12:11  Marine  
  131  12:13  SCV x3  
  131  12:15  Marine  
  118  12:16  Ghost  
  118  12:17  Marine, Siege Tank  
  118  12:18  Marine  
  118  12:21  SCV  
  108  12:26  Marine  
  108  12:28  Ghost  
  104  12:32  Marine x2  
  104  12:34  Siege Tank  
  104  12:35  Marine  
  104  12:36  SCV  
  99  12:38  SCV  
  99  12:39  SCV x2  
  83  12:47  Marine x3  
  83  12:48  SCV  
  83  12:50  SCV  
  84  12:51  SCV  
  84  12:56  Orbital Command  
  85  12:59  Marine x2  
  85  13:00  SCV, Marine  
  85  13:02  SCV  
  90  13:09  SCV  
  90  13:12  SCV  
  92  13:15  SCV  
  92  13:19  Marine  
  100  13:20  Marine  
  100  13:21  SCV, Marine  
  100  13:24  SCV, Marine x3  
  100  13:25  Marine  
Show
View Real Time Build Order
Export as new Build Order

Scarlett Zerg - Winner!

Build Orders: Hatch First, Ravager All-In 

Get SALT Encoding   

  12  0:00  Drone  
  13  0:12  Overlord  
  13  0:16  Drone  
  14  0:30  Drone x2  
  16  0:38  Drone  
  17  0:52  Hatchery  
  17  0:55  Drone  
  17  0:58  Drone  
  18  1:09  Extractor  
  17  1:13  Spawning Pool  
  17  1:16  Drone  
  17  1:19  Drone  
  18  1:28  Drone  
  19  1:39  Drone  
  20  1:49  Drone  
  21  1:55  Extractor  
  21  1:59  Queen  
  22  2:02  Roach Warren  
  22  2:04  Queen  
  22  2:06  Drone  
  25  2:12  Drone  
  26  2:21  Overlord  
  25  2:32  Drone  
  26  2:41  Roach x3  
  26  2:43  Overlord  
  32  2:45  Queen  
  34  2:56  Roach  
  36  3:03  Ravager x2  
  36  3:05  Ravager  
  39  3:06  Drone  
  40  3:14  Overlord  
  40  3:21  Ravager  
  40  3:26  Hatchery  
  40  3:33  Roach  
  42  3:36  Drone  
  42  3:38  Drone  
  44  3:52  Drone  
  44  3:53  Drone x3  
  48  3:56  Ravager  
  48  4:00  Overlord  
  49  4:14  Queen  
  49  4:16  Drone  
  52  4:17  Overlord  
  52  4:29  Drone x4  
  56  4:32  Drone  
  57  4:39  Drone x3  
  60  4:47  Drone  
  60  4:48  Spore Crawler  
  60  4:57  Drone x3  
  60  4:58  Overlord  
  63  5:01  Roach x2  
  67  5:07  Overlord  
  67  5:08  Drone  
  67  5:13  Queen  
  70  5:18  Lair  
  70  5:23  Ravager  
  70  5:24  Overlord x2, Ravager  
  70  5:27  Spore Crawler  
  71  5:28  Drone  
  71  5:31  Spore Crawler  
  71  5:38  Drone x5  
  76  5:45  Metabolic Boost  
  76  5:47  Extractor  
  76  5:48  Extractor  
  74  5:53  Hatchery  
  73  5:57  Drone  
  73  5:58  Drone x2  
  73  6:02  Evolution Chamber  
  73  6:04  Evolution Chamber  
  74  6:06  Drone x2  
  76  6:11  Drone  
  76  6:12  Overlord  
  76  6:18  Zergling x6  
  80  6:19  Overlord  
  80  6:21  Glial Reconstitution  
  80  6:31  Zerg Missile Weapons Level 1, Zerg Ground Armor Level 1  
  80  6:33  Drone  
  80  6:35  Drone x2  
  80  6:37  Drone  
  84  6:45  Drone x5  
  89  6:50  Baneling Nest  
  88  6:56  Drone x5  
  93  7:04  Roach x3  
  99  7:15  Roach x5  
  109  7:18  Drone  
  109  7:22  Roach  
  112  7:23  Infestation Pit  
  112  7:27  Drone x3  
  114  7:33  Roach x4  
  114  7:35  Centrifugal Hooks  
  122  7:37  Overlord  
  122  7:42  Overlord  
  121  7:48  Hatchery  
  120  7:54  Overlord  
  120  7:56  Ravager  
  120  7:57  Roach x4  
  129  8:02  Drone  
  129  8:04  Extractor  
  129  8:05  Drone x4, Extractor  
  132  8:07  Drone x4  
  132  8:11  Hive  
  136  8:16  Zergling x12  
  136  8:17  Zergling x2  
  143  8:23  Drone  
  144  8:28  Zerg Ground Armor Level 2, Zerg Melee Weapons Level 1  
  144  8:36  Hatchery  
  144  8:40  Drone x2  
  144  8:41  Overlord x3  
  145  8:43  Overlord  
  145  8:45  Overlord  
  145  9:17  Drone x7  
  148  9:18  Drone  
  148  9:19  Drone x10  
  148  9:23  Spore Crawler, Overlord, Extractor x2  
  160  9:25  Viper x2  
  160  9:28  Ultralisk Cavern  
  165  9:36  Overlord  
  164  9:45  Zergling x22  
  176  9:52  Drone  
  176  10:02  Adrenal Glands  
  176  10:13  Spine Crawler  
  175  10:14  Spine Crawler  
  175  10:15  Drone x3  
  175  10:16  Drone x10  
  176  10:22  Drone x2  
  176  10:23  Chitinous Plating  
  178  10:30  Spore Crawler  
  178  10:32  Spore Crawler  
  178  10:33  Spore Crawler  
  175  10:38  Ultralisk x4  
  198  10:57  Zerg Melee Weapons Level 2  
  198  10:58  Zerg Ground Armor Level 3  
  198  11:00  Ravager  
  198  11:01  Baneling x21  
  193  11:25  Hatchery  
  193  11:27  Zergling x20, Unknown  
  199  11:39  Zergling x2  
  200  11:42  Anabolic Synthesis  
  196  11:56  Zergling x30  
  196  11:57  Zergling x2  
  196  11:59  Zergling x10  
  192  12:04  Zergling x4  
  192  12:07  Ultralisk  
  187  12:09  Ultralisk x2  
  187  12:12  Zergling x4  
  188  12:17  Viper  
  188  12:21  Viper x2  
  188  12:22  Spire  
  172  12:24  Spire  
  172  12:26  Zergling x18  
  173  12:34  Baneling x13  
  173  12:37  Zergling x10  
  169  12:41  Zergling x2  
  169  12:42  Zergling x6  
  161  12:49  Drone x2  
  154  12:54  Zergling x20, Ultralisk x2  
  154  12:55  Overseer, Pneumatized Carapace  
  154  12:57  Overseer  
  173  13:04  Overseer  
  173  13:06  Zergling x2  
  173  13:07  Zergling x16  
  173  13:09  Baneling x8  
  182  13:13  Drone x4  
  182  13:19  Zergling x2  
  190  13:20  Zergling x8  
  190  13:21  Baneling x4  

Tags
 
Add a new tag
Caveats
  • Supply blocks, unpowered buildings, or Contaminate may cause inaccurate times.
  • Supply counts are checked every 10 seconds.